Unix NetHack Version 5.0.0-0 post-release - last build Jul 19 2026 19:10:59 (3aa4ab31751d3886436d94b585a96704892fd477,branch:main).

Game began 2026-07-23 02:04:07, ended 2026-07-24 04:33:57.

Hlormaren, lawful female dwarven Valkyrie

                                                      ......|G
                                                      ........
                                                      ..---....
                                                      .<| |....
                                                      --- --...........
                                                           --.......aa.
                                                            ------.--@-
                                                                    ---
Hlormaren the Skirmisher    St:18/01 Dx:14 Co:16 In:9 Wi:8 Ch:10  Lawful
Dlvl:5  $:124 HP:0(41) Pw:6(6) AC:6  Xp:5 T:2120 

Latest messages:
 It's solid stone.
 It's solid stone.
 You swap places with your little dog.
 It's a wall.
 You stop.  Your little dog is in the way!
 It's solid stone.
 It's solid stone.
 You see here 5 gold pieces.
 $ - 5 gold pieces (124 in total).
 Suddenly, the little dog falls through a trap door.
 Please move the cursor to a monster, object or location.
 (For instructions type a '?')
 e        an eye or sphere or a statue (a statue of a floating eye)
 More info about "statue"? [yn] (n) n
 Pick a monster, object or location.
 Done.
 You see here a yellow potion.
 p - a yellow potion.
 You see here a statue of a floating eye.
 You descend the stairs.
 It's a wall.
 You kill the grid bug!
 It's a wall.
 You miss the giant ant.
 The giant ant bites!
 You miss the giant ant.
 The giant ant bites!
 The giant ant bites!
 The giant ant bites!
 The giant ant just misses!
 The giant ant bites!
 You miss the giant ant.
 The giant ant bites!
 The giant ant bites!
 The giant ant bites!
 You hit the giant ant.
 The giant ant bites!
 The giant ant bites!
 The giant ant bites!
 The giant ant bites!
 You hit the giant ant.
 The giant ant misses!
 The giant ant bites!
 The giant ant bites!
 The giant ant bites!
 You die...
 Do you want your possessions identified? [ynq] (y) y
 Do you want to see your attributes? [ynq] (y) y
 Do you want an account of creatures vanquished? [ynaq] (y) n
 Do you want to see your conduct and achievements? [ynq] (y) q

Inventory:
 Coins    ('$')
  $ - 124 gold pieces
 Weapons  (')')
  n - 8 +0 arrows
  o - 8 cursed +0 elven arrows
  k - a +0 sling
  b - a +0 dagger
  a - a +1 dwarvish spear (alternate weapon; not wielded)
  u - a blessed +0 orcish dagger
  f - a +0 war hammer (weapon in right hand)
 Armor    ('[')
  s - a blessed rustproof +0 orcish helm
  c - an uncursed +3 small shield (being worn)
 Comestibles  ('%')
  d - 5 uncursed food rations
  j - 2 uncursed lembas wafers
 Scrolls  ('?')
  C - a cursed scroll of confuse monster
  l - 3 uncursed scrolls of identify
 Spellbooks  ('+')
  m - an uncursed spellbook of detect food
 Potions  ('!')
  p - an uncursed potion of booze
  F - a blessed potion of invisibility
  A - an uncursed potion of levitation
 Rings    ('=')
  E - an uncursed +1 ring of gain constitution
 Wands    ('/')
  y - a wand of lightning (0:6)
 Tools    ('(')
  D - a can of grease (0:6)
 Gems/Stones  ('*')
  i - an uncursed fluorite stone
  e - a cursed worthless piece of red glass
  z - an uncursed worthless piece of violet glass
  q - an uncursed worthless piece of yellowish brown glass

Hlormaren the Valkyrie's attributes:

Background:
 You were a Skirmisher, a level 5 dwarven Valkyrie.
 You were lawful, nominally on a mission for Tyr
 who was opposed by Odin (neutral) and Loki (chaotic).
 You were right-handed.
 You were in the Gnomish Mines, on level 5.
 You entered the dungeon 2120 turns ago.
 It was nighttime.
 You had 239 experience points, 81 more were needed to attain level 6.

Basics:
 You had 0 out of 41 hit points.
 You had all 6 energy points (spell power).
 Your armor class was 6.
 Your wallet contained 124 zorkmids.
 Autopickup was off.

Final Characteristics:
 Your strength was 18/01 (limit:18/100).
 Your dexterity was 14 (limit:20).
 Your constitution was 16 (limit:20).
 Your intelligence was 9 (limit:16).
 Your wisdom was 8 (limit:16).
 Your charisma was 10 (limit:16).

Final Status:
 You weren't hungry.
 You were unencumbered.
 You were wielding a hammer.
 You were unskilled in hammer.

Final Attributes:
 You were piously aligned.
 You were cold resistant.
 You had infravision.
 You were stealthy.
 You are dead.

Miscellaneous:
 You didn't encounter any bones levels.
 Total elapsed playing time was 37 minutes and 48 seconds.

Major events:
 Turn
    1: Hlormaren the lawful dwarven Valkyrie entered the dungeon
 1140: attained the rank of Skirmisher (level 3)
 2090: entered the Gnomish Mines
 2120: killed by a giant ant

You didn't know any spells.

Skills:
 Fighting Skills
   bare handed combat [Unskilled]
   two weapon combat  [Unskilled]
   riding             [Unskilled]
 Weapon Skills
   dagger             [Basic]
   axe                [Unskilled]
   pick-axe           [Unskilled]
   short sword        [Unskilled]
   broadsword         [Unskilled]
   long sword         [Unskilled]
   two-handed sword   [Unskilled]
   saber              [Unskilled]
   hammer             [Unskilled]
   quarterstaff       [Unskilled]
   polearms           [Unskilled]
   spear              [Basic]
   trident            [Unskilled]
   lance              [Unskilled]
   sling              [Unskilled]
 Spellcasting Skills
   attack spells      [Unskilled]
   escape spells      [Unskilled]

Voluntary challenges:
 Character rerolling was not enabled.
 You were an atheist.
 You were illiterate.
 You never genocided any monsters.
 You never polymorphed an object.
 You never changed form.
 You used no wishes.
Achievements:
 You attained the rank of Skirmisher.
 You entered a shop.
 You entered the Gnomish Mines.

 The Dungeons of Doom: levels 1 to 5
    Level 1:
       Some fountains.
    Level 2:
       Some fountains.
    Level 3:
    Level 4:
       A general store, a fountain.
       Stairs down to The Gnomish Mines.
    Level 5:
 The Gnomish Mines:
    Level 5: <- You were here.
       Final resting place for
          you, killed by a giant ant.
 The Tutorial: levels 1 to 2
    Level 1:
       A tree.
    Level 2:


Vanquished creatures:
  a ghost
 10 fog clouds
  2 orc zombies
  2 iguanas
  a giant rat
  a red mold
  2 geckos
  a jackal
  a goblin
  4 grid bugs
  4 bats
  4 lichens
  7 newts
40 creatures vanquished.

No species were genocided or became extinct.

Game over:
                       ----------
                      /          \
                     /    REST    \
                    /      IN      \
                   /     PEACE      \
                  /                  \
                  |    Hlormaren     |
                  |      124 Au      |
                  |   killed by a    |
                  |    giant ant     |
                  |                  |
                  |                  |
                  |       2026       |
                 *|     *  *  *      | *
        _________)/\\_//(\/(/\)/\//\/|_)_______

Farvel Hlormaren the Valkyrie...

You died in The Gnomish Mines on dungeon level 5 with 1820 points,
and 124 pieces of gold, after 2120 moves.
You were level 5 with a maximum of 41 hit points when you died.

